 Dungeon Crawl Stone Soup version 0.30-a0-50-gb2d611f6b1 (webtiles) character file.

Game seed: 7348332221389424978

14974 ytrimaz the Cleaver (level 11, -12/135 HPs)
             Began as a Demonspawn Berserker on Sept 4, 2022.
             Was a High Priest of Trog.
             Mangled by a white ugly thing (19 damage)
             ... on level 12 of the Dungeon.
             The game lasted 00:14:35 (9630 turns).

ytrimaz the Cleaver (Demonspawn Berserker)          Turns: 9630, Time: 00:14:35

Health: -12/135    AC: 28    Str: 22    XL:     11   Next: 95%
Magic:  11/11      EV: 17    Int:  8    God:    Trog [*****.]
Gold:   948        SH:  0    Dex: 16    Spells: 10/10 levels left

rFire   + . .      SeeInvis +    w - +0 war axe (protect) {axe}
rCold   . . .      Faith    .    (no shield)
rNeg    + . .      Spirit   .    L - +0 acid dragon scales
rPois   .          Reflect  .    B - +0 helmet
rElec   .          Harm     .    (no cloak)
rCorr   +          Rampage  .    C - +0 pair of gloves of Unkejuogh {rF+ rN+ Dex-3 SInv}
Will    .....                    i - +0 pair of boots {Stlth+}
Stlth   ..........               e - amulet of regeneration {@e2}
HPRegen 1.12/turn                b - +4 ring of protection
MPRegen 0.12/turn                u - +4 ring of protection

@: mighty, agile, berserking (expiring), under a protective aura, hasted, very
quick
A: thin skeletal structure 3, powered by pain 1, weakness stinger 1
a: Renounce Religion, Berserk, Trog's Hand, Brothers in Arms


You were on level 12 of the Dungeon.
You worshipped Trog.
Trog was extremely pleased with you.
You visited 1 branch of the dungeon, and saw 12 of its levels.

You collected 948 gold pieces.


Innate Abilities, Weirdness & Mutations

You have an unnaturally thin skeletal structure. (Dex +6, Stealth+++)
You sometimes gain a little power by taking damage.
You have a small tail.


   Skills:
 - Level 10.1 Fighting
 + Level 14.1 Axes
 - Level 10.2 Armour
 - Level 1.7 Dodging


You had 10 spell levels left.
You didn't know any spells.
Your spell library contained the following spells:

 Spells                   Type           Power      Damage    Failure   Level
 Magic Dart               Conj           0%         1d3       45%         1
 Necrotise                Necr           0%         1d4       45%         1
 Summon Small Mammal      Summ           0%         N/A       45%         1
 Call Imp                 Summ           0%         N/A       61%         2
 Poisonous Vapours        Pois/Air       0%         N/A       61%         2
 Call Canine Familiar     Summ           0%         N/A       83%         3
 Mephitic Cloud           Conj/Pois/Air  0%         N/A       83%         3
 Portal Projectile        Hex/Tloc       0%         N/A       83%         3
 Summon Guardian Golem    Hex/Summ       0%         N/A       83%         3
 Tukima's Dance           Hex            0%         N/A       83%         3
 Vampiric Draining        Necr           0%         2d6       83%         3
 Corpse Rot               Necr/Pois/Air  0%         N/A       99%         4
 Petrify                  Tmut/Erth      0%         N/A       99%         4
 Agony                    Necr           0%         N/A       100%        5
 Blade Hands              Tmut           0%         N/A       100%        5
 Metabolic Englaciation   Hex/Ice        0%         N/A       100%        5
 Statue Form              Tmut/Erth      0%         N/A       100%        6

Inventory:

Hand Weapons
 a - a +0 hand axe {axe}
 w - a +0 war axe of protection (weapon) {axe}
   (You took it off an orc on level 5 of the Dungeon)
Missiles
 c - 139 stones (quivered) {throwing}
 s - 9 curare-tipped darts {=fthrowing}
 t - 22 poisoned darts {throwing}
 v - 14 boomerangs {throwing}
 J - a throwing net {=f!fthrowing}
Armour
 d - a +0 plate armour
   (You found it on level 1 of the Dungeon)
 i - a +0 pair of boots of stealth (worn)
   (You found it on level 2 of the Dungeon)
 B - a +0 helmet (worn)
   (You found it on level 7 of the Dungeon)
 C - the +0 pair of gloves of Unkejuogh (worn) {rF+ rN+ Dex-3 SInv}
   (You acquired it on level 7 of the Dungeon)

   Dex:       It affects your dexterity (-3).
   rF:        It protects you from fire.
   rN:        It protects you from negative energy.
   SInv:      It lets you see invisible.
 G - +0 steam dragon scales
   (You found it on level 9 of the Dungeon)
 L - +0 acid dragon scales (worn)
   (You found it on level 11 of the Dungeon)
Magical Staves
 D - a staff of cold {forbidden!astaff}
   (You found it on level 7 of the Dungeon)
Jewellery
 b - a +4 ring of protection (left hand)
   (You found it on level 2 of the Dungeon)
 e - an amulet of regeneration (around neck) {@e2}
   (You found it on level 1 of the Dungeon)
 j - a +6 ring of dexterity
   (You found it on level 2 of the Dungeon)
 l - a ring of protection from fire
   (You found it on level 3 of the Dungeon)
 u - a +4 ring of protection (right hand)
   (You found it on level 5 of the Dungeon)
 z - a ring of see invisible
   (You found it on level 6 of the Dungeon)
 E - a ring of ice
   (You found it on level 7 of the Dungeon)
Wands
 k - a wand of iceblast (6)
   (You took it off a gnoll on level 4 of the Dungeon)
 q - a wand of flame (24)
   (You found it on level 7 of the Dungeon)
 A - a wand of digging (2)
   (You found it on level 7 of the Dungeon)
Scrolls
 g - 2 scrolls of butterflies
 h - 2 scrolls of blinking {!r}
 n - 3 scrolls of teleportation {@r4}
 p - 2 scrolls of magic mapping {!r}
 r - 4 scrolls of fear
 y - 3 scrolls of enchant armour
 M - 2 scrolls of immolation {!r!r}
 N - a scroll of vulnerability {!r!r}
 O - 3 scrolls of noise {!r}
 Q - a scroll of brand weapon
 S - 2 scrolls of enchant weapon
 T - a scroll of silence {!r}
 U - a scroll of summoning
Potions
 f - a potion of brilliance
 m - 7 potions of curing {@q1}
 o - 2 potions of lignification {!q}
 F - 2 potions of haste {@q3}
 H - a potion of mutation {!q}
 K - a potion of attraction {unknown}

Dungeon Overview and Level Annotations

Branches:
Dungeon (12/15) Zot: 26842  Temple (0/1) D:7            Lair (0/5) D:8
    Orc (0/2) D:9

Altars:
Ashenzari
Fedhas
Hepliaklqana
Kikubaaqudgha
Okawaru
Sif Muna
Trog
Wu Jian

Shops:
D:9 ?

Annotations:
D:9 exclusion: orange crystal statue

######## .y....
####C.#### #
#..uJ....#
#.###..@##...###
#.8.....# ....8
####..### 88##
###..######..###
#8....8##8....8#
#......##......#
#..##......# ..#
#..##......##..#
..#####
#......##......#


You could see a white ugly thing, a slime creature, a cyclops and a meliai.


Message History

You feel the effects of Trog's Hand fading.
Unknown command.
You barely miss the fire dragon. You slash the catoblepas!
The catoblepas gores you but does no damage.
The fire dragon breathes flames at you. The blast of flame hits you.
You resist. 😮 HP[-3]
You take 3 damage, and now have 68/135 hp.
Unknown command.
You slash the fire dragon!
You hit the catoblepas. 😮 HP[+1] Unknown command.
You hit the fire dragon.
Your tail-slap misses the fire dragon.
You hit the catoblepas but do no damage.
The fire dragon bites you but does no damage.
The fire dragon closely misses you. The fire dragon tramples you.
You stumble backwards! 😮 HP[-1]
You take 1 damage, and now have 68/135 hp.
You slice the fire dragon!!
You kill the fire dragon!
Trog accepts your kill.
The fire dragon scales are intact enough to wear.
You hit the catoblepas.
The catoblepas gores you but does no damage. 😮 HP[+1] Unknown command.
You slash the catoblepas!
A white ugly thing comes into view. 😮 HP[+1] Unknown command.
You slash the catoblepas!
You tail-slap the catoblepas, but do no damage.
The catoblepas gores you!
* * * LOW HITPOINT WARNING * * *
😨 HP[-8]
You take 8 damage, and now have 62/135 hp.
Unknown command.
You slash the catoblepas!
You slash the yak! 😨 HP[+1] Unknown command.
You slash the catoblepas! You slash the yak! The yak gores you!
* * * LOW HITPOINT WARNING * * *
The catoblepas gores you!
* * * LOW HITPOINT WARNING * * *
You focus on the pain.
You feel agile all of a sudden. 😨 HP[-23]
You take 23 damage, and now have 40/135 hp.
Unknown command.
You hit the catoblepas.
You closely miss the yak. 😨 HP[+1] Unknown command.
You slash the catoblepas!
You feel the power of Trog in you as your rage grows.
You kill the catoblepas!
Trog accepts your kill.
You slash the yak!
Your skin stops crawling.
You feel less strong-willed. The yak gores you.
* * * LOW HITPOINT WARNING * * *
Your Axes skill increases to level 14! 😨 HP[-1]
You take 1 damage, and now have 40/135 hp.
Unknown command.
You slice the yak!!
You kill the yak!
Trog accepts your kill. Trog grants you a weapon!
Something appears at your feet!
You see here a +1 battleaxe.
You slash the white ugly thing! 😨 HP[+1]
You hit the white ugly thing.
The meliai calls down the wrath of its god upon you.
Something smites you!
* * * LOW HITPOINT WARNING * * *
The white ugly thing misses you. 😱 HP[-14]
You take 14 damage, and now have 27/135 hp.
Unknown command.
You slash the white ugly thing! You hit the slime creature.
The meliai calls down the wrath of its god upon you.
Something smites you!
* * * LOW HITPOINT WARNING * * *
You focus on the pain.
You feel mightier all of a sudden.
The white ugly thing claws you but does no damage. 😱 HP[-14]
You take 14 damage, and now have 13/135 hp.
Unknown command.
You slash the white ugly thing! You slash the slime creature!
The slime creature hits you but does no damage. 😱 HP[+1] Unknown command.
You slash the white ugly thing! You tail-slap the white ugly thing.
You punch the white ugly thing! You slash the slime creature!
The white ugly thing claws you!
* * * LOW HITPOINT WARNING * * *
The white ugly thing freezes you!!
You die...

Skill      XL: |  1  2  3  4  5  6  7  8  9 10 11 |
---------------+----------------------------------+-----
Armour         | 2 3 7 10 | 10.2
Axes           | 3 4 7 8 9 11 14 | 14.1
Fighting       | 4 8 9 10 | 10.1
Dodging        | |  1.7

Action                   |  1- 3 |  4- 6 |  7- 9 | 10-12 || total
-------------------------+-------+-------+-------+-------++-------
Melee: Hand axe          |   137 |    58 |   310 |       ||   505
       Punch             |       |     2 |     5 |     9 ||    16
       War axe           |       |       |   166 |   409 ||   575
       Tailslap          |       |       |       |    41 ||    41
Invok: Berserk           |       |     1 |     1 |     3 ||     5
       Trog's Hand       |       |       |     2 |     2 ||     4
  Use: Scroll            |     3 |     3 |     5 |    10 ||    21
       Potion            |       |     2 |     2 |     4 ||     8
 Stab: Sleeping          |       |       |       |     5 ||     5
Armor: Plate armour      |   109 |    27 |   368 |    52 ||   556
       Animal skin       |     3 |       |       |       ||     3
       Acid dragon scale |       |       |       |   329 ||   329
Dodge: Dodged            |    51 |    22 |   197 |   348 ||   618

Levels and vault maps discovered:
D:1:      dreamdust_arrival_beginning_and_end, layout_loops_corners
D:2:      layout_basic, basic_ecumenical_altar, grunt_ministairs_13,
          serial_park_tiny_1, minmay_tiny_reverse_x
D:3:      layout_loops_cross, general_overflow_altar
D:4:      layout_rooms, jmf_multi_god_temple2, minmay_bisected, uniq_grinder,
          uniq_edmund
D:5:      minmay_goblin_kobold_castle, layout_basic, minmay_misc_feat_roman,
          hangedman_abyss_or_decor_slice
D:6:      layout_basic, mainiacjoe_overflow_six_doors_small, st_stairs_11
D:7:      layout_loops_ring, chequers_temple_overflow_statue_of_worship,
          kennysheep_little_box, minmay_temple_entry_overgrown, uniq_menkaure
D:8:      layout_basic, erik_lair_island, uniq_prince_ribbit1
D:9:      layout_cross, erik_orc_1, serial_shops, nicolae_diamond_shop,
          minmay_protected_statue
D:10:     layout_layer_cave, overflow_temple_1_default
D:11:     layout_irregular_city, elyvilon_altar_3
D:12:     minmay_blocking_statues, layout_gridville, uniq_jorgrun

Notes
Turn   | Place    | Note
-------+----------+-------------------------------------------
     0 | D:1      | ytrimaz the Demonspawn Berserker began the quest for the
                  | Orb.
     0 | D:1      | Reached XP level 1. HP: 18/18 MP: 1/1
     0 | D:1      | magus.rc [v1.9.6]
   210 | D:1      | Reached skill level 2 in Armour
   210 | D:1      | Gained mutation: You sometimes gain a little power by
                  | taking damage. [demonic ancestry]
   210 | D:1      | Reached XP level 2. HP: 23/24 MP: 2/2
   226 | D:1      | Reached skill level 3 in Axes
   987 | D:2      | Reached XP level 3. HP: 29/29 MP: 3/3
  1002 | D:2      | Reached ** piety under Trog
  1291 | D:2      | Found a faded altar of an unknown god.
  1965 | D:3      | Reached XP level 4. HP: 37/37 MP: 4/4
  2258 | D:3      | You pick up a book of Weapons {forbidden} and begin
                  | reading...
  2258 | D:3      | You add the spells Tukima's Dance, Portal Projectile and
                  | Blade Hands to your library.
  2315 | D:3      | Found a broken altar of Ashenzari.
  2509 | D:3      | You pick up a book of Vapours {forbidden} and begin
                  | reading...
  2509 | D:3      | You add the spells Poisonous Vapours and Corpse Rot to your
                  | library.
  2583 | D:4      | Noticed Edmund
  2595 | D:4      | Killed Edmund
  2596 | D:4      | Reached skill level 4 in Fighting
  2596 | D:4      | Reached skill level 4 in Axes
  2596 | D:4      | Reached skill level 3 in Armour
  2596 | D:4      | Reached XP level 5. HP: 43/43 MP: 5/5
  2626 | D:4      | Identified 2 potions of experience
  2628 | D:4      | You pick up a book of Minor Magic {forbidden} and begin
                  | reading...
  2628 | D:4      | You add the spells Magic Dart, Call Imp and Mephitic Cloud
                  | to your library.
  2629 | D:4      | Reached skill level 8 in Fighting
  2629 | D:4      | Reached skill level 7 in Axes
  2629 | D:4      | Reached skill level 7 in Armour
  2629 | D:4      | Reached XP level 6. HP: 56/56 MP: 6/6
  2630 | D:4      | Reached skill level 9 in Fighting
  2630 | D:4      | Reached skill level 10 in Armour
  2630 | D:4      | Gained mutation: You have a somewhat thin skeletal
                  | structure. (Dex +2, Stealth+) [demonic ancestry]
  2630 | D:4      | Reached XP level 7. HP: 65/65 MP: 7/7
  2727 | D:4      | Gained mutation: You have a moderately thin skeletal
                  | structure. (Dex +4, Stealth++) [demonic ancestry]
  2727 | D:4      | Reached XP level 8. HP: 72/72 MP: 8/8
  2768 | D:4      | Identified the +1 robe "Unkitych" {rC++ rN+ Int-5}
  2770 | D:4      | Noticed Grinder
  2783 | D:4      | Killed Grinder
  2784 | D:4      | Reached skill level 10 in Fighting
  2954 | D:4      | Found a large runed translucent door.
  2954 | D:4      | Found a large runed translucent door.
  3222 | D:4      | Found an ornate altar of the Wu Jian Council.
  3248 | D:4      | Found an iron altar of Okawaru.
  3304 | D:5      | Entered Level 5 of the Dungeon
  3432 | D:5      | Reached *** piety under Trog
  3654 | D:5      | Reached skill level 8 in Axes
  3770 | D:5      | Reached **** piety under Trog
  3844 | D:5      | Gained mutation: You have an unnaturally thin skeletal
                  | structure. (Dex +6, Stealth+++) [demonic ancestry]
  3844 | D:5      | Reached XP level 9. HP: 74/78 MP: 9/9
  4822 | D:6      | Found a blossoming altar of Fedhas.
  5297 | D:7      | Noticed Menkaure
  5307 | D:7      | Killed Menkaure
  5362 | D:7      | You pick up a book of Sloth {forbidden} and begin
                  | reading...
  5362 | D:7      | You add the spells Petrify, Metabolic Englaciation and
                  | Statue Form to your library.
  5461 | D:7      | You pick up a book of Necromancy {forbidden} and begin
                  | reading...
  5461 | D:7      | You add the spells Necrotise, Vampiric Draining and Agony
                  | to your library.
  5535 | D:7      | Reached skill level 9 in Axes
  5691 | D:7      | Found an ancient bone altar of Kikubaaqudgha.
  5740 | D:7      | Reached ***** piety under Trog
  5782 | D:7      | Found a bloodstained altar of Trog.
  5782 | D:7      | Found a shimmering blue altar of Sif Muna.
  5783 | D:7      | Identified a scroll of acquirement
  6024 | D:7      | Found a staircase to the Ecumenical Temple.
  6066 | D:8      | Received a gift from Trog
  6113 | D:8      | Noticed a two-headed ogre
  6122 | D:8      | Killed a two-headed ogre
  6123 | D:8      | Reached XP level 10. HP: 68/85 MP: 10/10
  6126 | D:8      | Identified the +11 long sword of Dullness {freeze, Str+5}
  6376 | D:8      | Noticed Prince Ribbit
  6425 | D:8      | Killed Prince Ribbit
  6426 | D:8      | Reached skill level 10 in Axes
  6480 | D:8      | You fall into a shaft and drop 3 floors!
  6588 | D:11     | Noticed a red ugly thing
  6596 | D:11     | Identified the +0 chain mail of Racal {rN+}
  6619 | D:10     | Entered Level 10 of the Dungeon
  6646 | D:9      | Noticed an orange crystal statue
  6676 | D:9      | Found Terhap's Magic Scroll Boutique.
  6744 | D:8      | Found a staircase to the Lair.
  6934 | D:9      | Noticed a centaur warrior
  6954 | D:9      | Killed a centaur warrior
  6955 | D:9      | Reached skill level 11 in Axes
  6962 | D:9      | Paralysed by a hornet for 3 turns
  7164 | D:9      | Gained mutation: You have a small tail. [demonic ancestry]
  7164 | D:9      | Reached XP level 11. HP: 90/90 MP: 11/11
  7249 | D:9      | Found a staircase to the Orcish Mines.
  7449 | D:9      | Reached skill level 12 in Axes
  7587 | D:9      | Acquired the +0 pair of gloves of Unkejuogh {rF+ rN+ Dex-3
                  | SInv}
  8069 | D:10     | Found a hazy altar of Hepliaklqana.
  8706 | D:11     | Killed a red ugly thing
  9270 | D:11     | Noticed a two-headed ogre
  9283 | D:11     | Killed a two-headed ogre
  9474 | D:12     | Reached skill level 13 in Axes
  9495 | D:12     | You pick up a book of Callings {forbidden} and begin
                  | reading...
  9495 | D:12     | You add the spells Summon Small Mammal, Call Canine
                  | Familiar and Summon Guardian Golem to your library.
  9550 | D:12     | Noticed a boulder beetle
  9571 | D:12     | Killed a boulder beetle
  9589 | D:12     | Noticed a boulder beetle
  9603 | D:12     | Noticed a fire dragon
  9610 | D:12     | Noticed a catoblepas
  9619 | D:12     | Killed a fire dragon
  9620 | D:12     | Noticed a white ugly thing
  9625 | D:12     | Killed a catoblepas
  9626 | D:12     | Reached skill level 14 in Axes
  9626 | D:12     | Received a gift from Trog
  9627 | D:12     | HP: 27/135 [meliai/divine providence (14)]
  9628 | D:12     | HP: 13/135 [meliai/divine providence (15)]
  9630 | D:12     | Mangled by a white ugly thing

Vanquished Creatures
  A fire dragon (D:12)
  A boulder beetle (D:12)
  2 two-headed ogres
  A centaur warrior (D:9)
  A catoblepas (D:12)
  An ugly thing (D:11)
  A gargoyle (D:12)
  A yaktaur (D:12)
  3 trolls
  Grinder (D:4)
  Prince Ribbit (D:8)
  A hornet (D:9)
  A slime creature (D:12)
  4 wraiths
  4 shadows
  7 yaks
  A steam dragon (D:9)
  4 vampire mosquitoes (D:12)
  Menkaure (D:7)
  Edmund (D:4)
  An acid dragon (D:11)
  A water moccasin (D:6)
  2 ice beasts
  A sky beast (D:7)
  3 orc warriors
  A swamp drake (D:9)
  An ogre (D:5)
  2 centaurs
  2 wolves (D:8)
  3 phantoms
  5 kobold brigands
  A necrophage (D:8)
  5 bullfrogs
  A gnoll sergeant (D:7)
  A scorpion (D:4)
  9 wights (D:9)
  17 killer bees
  2 electric eels (D:8)
  5 howler monkeys
  A jelly (D:4)
  8 hounds
  A gnoll bouda (D:8)
  8 orc priests
  6 iguanas
  5 orc wizards
  8 adders
  26 gnolls
  A shadow imp (D:8)
  2 white imps
  An ufetubus (D:6)
  5 worms
  4 dart slugs
  31 orcs
  6 bats
  11 endoplasms
  2 giant cockroaches
  8 goblins
  6 hobgoblins
  9 jackals
  44 kobolds
  4 quokkas
  4 ball pythons
  3 frilled lizards
  5 rats
310 creatures vanquished.

Vanquished Creatures (others)
  An unseen horror (D:12)
  An orc warrior (D:9)
  A plant (D:7)
3 creatures vanquished.

Grand Total: 313 creatures vanquished

Table legend:
 A = Non-vault XP
 B = Vault XP
 C = Vault XP percentage of total XP
 D = Non-vault monster count
 E = Vault monster count
 F = Vault count percentage of total count
                 A         B        C        D         E       F
            +---------+---------+-------+---------+---------+-------
      Total |   13453 |    6996 |  34.2 |     209 |     103 |  33.0
            +---------+---------+-------+---------+---------+-------
        D:1 |      39 |       0 |   0.0 |      23 |       0 |   0.0
        D:2 |      43 |      14 |  24.6 |      14 |       6 |  30.0
        D:3 |      38 |       0 |   0.0 |      14 |       0 |   0.0
        D:4 |     385 |     512 |  57.1 |      24 |       6 |  20.0
        D:5 |     758 |     545 |  41.8 |      22 |      50 |  69.4
        D:6 |     317 |     189 |  37.4 |       8 |       3 |  27.3
        D:7 |     882 |     165 |  15.8 |      17 |       1 |   5.6
        D:8 |    1832 |    1017 |  35.7 |      26 |       9 |  25.7
        D:9 |    3736 |     553 |  12.9 |      25 |      17 |  40.5
       D:10 |     863 |       0 |   0.0 |       8 |       0 |   0.0
       D:11 |    3138 |       0 |   0.0 |      21 |       0 |   0.0
       D:12 |    1422 |    4001 |  73.8 |       7 |      11 |  61.1
            +---------+---------+-------+---------+---------+-------

Illustrated notes

Table legend:
 A = Kills in this place as a percentage of kills in entire the game.
 B = Kills by you in this place as a percentage of kills by you in the entire game.
 C = Kills by friends in this place as a percentage of kills by friends in the entire game.
 D = Other kills in this place as a percentage of other kills in the entire game.
 E = Experience gained in this place as a percentage of experience gained in the entire game.
 F = Experience gained in this place divided by the number of levels of this place that you have seen.
                   A       B       C       D       E      F
               +-------+-------+-------+-------+-------+----------------------
         Total | 100.0 | 100.0 |   N/A | 100.0 | 100.0 | 1704.1
       Dungeon | 100.0 | 100.0 |   N/A | 100.0 | 100.0 | 1704.1
               +-------+-------+-------+-------+-------+----------------------

Table legend: (Time is in decaauts)
 A = Elapsed time spent in this place.
 B = Non-inter-level travel time spent in this place.
 C = Inter-level travel time spent in this place.
 D = Time resting spent in this place.
 E = Time spent auto-exploring this place.
 F = Levels seen in this place.
 G = Mean time per level.
                   A        B        C        D        E       F      G
               +--------+--------+--------+--------+--------+-----+--------+
         Total |   9654 |   9376 |    278 |    114 |   6876 |  12 |  804.5 |
       Dungeon |   9654 |   9376 |    278 |    114 |   6876 |  12 |  804.5 |
               +--------+--------+--------+--------+--------+-----+--------+

Top non-repeatable levels by time:
     D:5: 1264 daAuts
     D:1: 987 daAuts
     D:2: 980 daAuts
    D:10: 962 daAuts
    D:11: 913 daAuts
     D:9: 849 daAuts
     D:7: 779 daAuts
     D:4: 728 daAuts
     D:6: 703 daAuts
     D:8: 689 daAuts
     D:3: 637 daAuts
    D:12: 157 daAuts
